Map: Celestial Enclave LE

Players

HappyPanda - Winner!

  • Race: Protoss Protoss
  • Spawn Location: 7:00

SCIInewby

  • Race: Protoss Protoss
  • League: Master
  • Spawn Location: 1:00

VOD

Have the link to the VOD?

Description

Time

  • Played on: Feb. 6, 2026, 10:28 p.m.
  • Length: 2:31
Show
View Real Time Build Order
Export as new Build Order

HappyPanda Protoss - Winner!

Build Orders: Cannon Rush 

Get SALT Encoding   

  1  0:00  Probe  
  12  0:05  Probe  
  14  0:15  Probe  
  15  0:22  Pylon  
  15  0:40  Probe  
  15  0:42  Forge  
  16  0:52  Probe  
  17  1:07  Pylon  
  17  1:15  Pylon  
  17  1:18  Pylon  
  17  1:19  Probe  
  18  1:27  Probe  
  19  1:37  Probe  
  19  1:38  Photon Cannon  
  20  1:46  Photon Cannon  
  20  1:49  Probe  
  21  1:57  Photon Cannon  
  21  2:01  Probe  
  22  2:22  Photon Cannon  
  22  2:24  Pylon  
  22  2:30  Assimilator  
Show
View Real Time Build Order
Export as new Build Order

SCIInewby Protoss 

Build Orders:  

Get SALT Encoding   

  12  0:00  Probe  
  13  0:12  Probe  
  14  0:22  Pylon  
  14  0:25  Probe  
  15  0:40  Probe  
  16  0:52  Probe  
  17  0:58  Pylon  
  17  1:00  Pylon  
  17  1:03  Pylon  
  17  1:26  Nexus  
  17  1:27  Probe  
  18  1:39  Probe  
  19  1:42  Pylon  
  19  1:49  Probe  
  20  1:56  Forge  
  20  1:57  Probe  
  20  2:05  Probe  
Tags
 
League
Master
Matchup
PvP
Replay Pack
Multiplayer
Spawn Locations
Cross Positions
Add a new tag
Caveats
  • Supply blocks, unpowered buildings, or Contaminate may cause inaccurate times.
  • Supply counts are checked every 10 seconds.